 Dungeon Crawl Stone Soup version 0.31-a0-1002-g8e65716e6e (webtiles) character file.

Game seed: 9667520086786700796

85 Maratek the Shooter (level 4, 0/30 HPs)
             Began as an Octopode Hunter on Nov 9, 2023.
             Slain by a goblin
             ... wielding a +0 dagger
              (4 damage)
             ... on level 3 of the Dungeon.
             The game lasted 00:02:05 (1908 turns).

Maratek the Shooter (Octopode Hunter)               Turns: 1908, Time: 00:02:06

Health: 0/30       AC:  1    Str: 10    XL:     4   Next: 48%
Magic:  4/4        EV: 13    Int: 11    God:
Gold:   107        SH:  0    Dex: 17    Spells: 3/3 levels left

rFire   . . .        a - +0 shortbow
rCold   . . .        (shield currently unavailable)
rNeg    . . .        (helmet restricted)
rPois   .            (no amulet)
rElec   .            (no ring)
rCorr   .            (no ring)
SInv    .            (no ring)
Will    .....        (no ring)
Stlth   +++          (no ring)
HPRegen 0.25/turn    (no ring)
MPRegen 0.09/turn    (no ring)
                     (no ring)

%: no passive effects
@: no status effects
A: almost no armour, amphibious, 8 rings, camouflage 1, gelatinous body 1,
(nimble swimmer 1), tentacles
a: no special abilities


You were on level 3 of the Dungeon.
You visited 1 branch of the dungeon, and saw 3 of its levels.

You collected 107 gold pieces.

Inventory:

Hand Weapons
 a - a +0 shortbow (weapon)
Scrolls
 b - a scroll of butterflies
 d - 2 scrolls of teleportation
 f - a scroll of fear {unknown}
Potions
 c - a potion of might {unknown}
 e - 3 potions of curing {unknown}
 g - a potion of magic {unknown}
 h - a potion of brilliance {unknown}
 i - a potion of lignification {unknown}


   Skills:
 + Level 2.5 Fighting
 + Level 5.4 Ranged Weapons
 + Level 2.2 Dodging
 + Level 1.4 Stealth


You had 3 spell levels left.
You didn't know any spells.
Your spell library contained the following spells:

 Spells                   Type           Power      Damage    Failure   Level
 Frozen Ramparts          Ice            0%         1d1       71%         3
 Petrify                  Tmut/Erth      0%         N/A       98%         4
 Metabolic Englaciation   Hex/Ice        0%         N/A       100%        5


Dungeon Overview and Level Annotations

Branches:
Dungeon (3/15)

Altars:


Innate Abilities, Weirdness & Mutations

You cannot wear most types of armour.
You are amphibious.
You can wear up to eight rings at the same time.
Your skin changes colour to match your surroundings (Stealth+).
Your rubbery body absorbs attacks. (AC +1, EV +1)
((You are camouflaged when in or above water. (Stealth+)))
You have tentacles for arms and can constrict up to eight enemies at once.


Message History

Fire: a) +0 shortbow
Press: ? - help, Q - select action Shift-Dir - straight line, f/p - phantom
Aim: a phantom (heavily damaged, 53% to hit)
You shoot an arrow. The arrow closely misses the phantom.
The phantom closely misses you.
Fire: a) +0 shortbow
Press: ? - help, Q - select action Shift-Dir - straight line, f/p - phantom
Aim: a phantom (heavily damaged, 53% to hit)
You shoot an arrow. The arrow hits the phantom.
The phantom is heavily damaged.
The goblin closely misses you. The phantom completely misses you.
The phantom hits you.
* * * LOW HITPOINT WARNING * * *
The goblin hits you with a +0 dagger.
* * * LOW HITPOINT WARNING * * *
Fire: a) +0 shortbow
Press: ? - help, Q - select action Shift-Dir - straight line, f/p - phantom
Aim: a phantom (heavily damaged, 53% to hit)
You shoot an arrow. The arrow misses the phantom.
The goblin closely misses you.
The phantom hits you but does no damage.
Fire: a) +0 shortbow
Press: ? - help, Q - select action Shift-Dir - straight line, f/p - phantom
Aim: a phantom (heavily damaged, 53% to hit)
You shoot an arrow. The arrow hits the phantom.
The phantom is heavily damaged.
The goblin barely misses you. The phantom misses you.
Fire: a) +0 shortbow
Press: ? - help, Q - select action Shift-Dir - straight line, f/p - phantom
Aim: a phantom (heavily damaged, 53% to hit)
You shoot an arrow. The arrow barely misses the phantom.
The goblin hits you with a +0 dagger.
* * * LOW HITPOINT WARNING * * *
The phantom hits you but does no damage.
Fire: a) +0 shortbow
Press: ? - help, Q - select action Shift-Dir - straight line, f/p - phantom
Aim: a phantom (heavily damaged, 53% to hit)
You shoot an arrow. The arrow barely misses the phantom.
The goblin hits you with a +0 dagger.
You die...

#..# # #..# ######
#..# #..... #..#
#.#### #..# #.# #
#..# #.# # #..# #.#
# #.g# #.# # #.@#
#.# # #..W...# #.#
#
##.###########.####
#.................
##################


You could see a phantom and a goblin.

Vanquished Creatures
  2 adders
  A worm (D:2)
  5 dart slugs
  5 ball pythons
  5 endoplasms
  3 giant cockroaches (D:1)
  4 goblins
  3 hobgoblins
  7 jackals (D:2)
  4 bats
  A frilled lizard (D:2)
  7 kobolds
  2 rats
49 creatures vanquished.

Notes
Turn   | Place    | Note
-------+----------+-------------------------------------------
     0 | D:1      | Maratek the Octopode Hunter began the quest for the Orb.
     0 | D:1      | Reached XP level 1. HP: 14/14 MP: 1/1
   153 | D:1      | Reached XP level 2. HP: 19/19 MP: 2/2
   334 | D:1      | Found a faded altar of an unknown god.
   489 | D:1      | Reached XP level 3. HP: 24/24 MP: 3/3
   833 | D:2      | Reached skill level 5 in Ranged Weapons
  1061 | D:2      | Reached XP level 4. HP: 30/30 MP: 4/4
  1889 | D:3      | Noticed a phantom
  1908 | D:3      | Slain by a goblin

Illustrated notes

Levels and vault maps discovered:
D:1:      dpeg_arrival_radiant, layout_basic,
          ebering_ecumenical_altar_abandoned, corexii_item_surrounded_by_moat
D:2:      layout_basic, minmay_ruptured
D:3:      layout_loops_ring, uniq_grinder, uniq_ijyb

Skill      XL: |  1  2  3 |
---------------+----------+-----
Ranged Weapons | 5 |  5.4
Fighting       | |  2.5
Dodging        | |  2.2
Stealth        | |  1.4

Action                     |  1- 3 |  4- 6 || total
---------------------------+-------+-------++-------
   Fire: Shortbow          |   101 |    67 ||   168
    Use: Scroll            |       |     2 ||     2
 Armour: Skin              |    24 |    21 ||    45
  Dodge: Dodged            |    29 |    23 ||    52

Table legend: (Time is in decaauts)
 A = Elapsed time spent in this place.
 B = Non-inter-level travel time spent in this place.
 C = Inter-level travel time spent in this place.
 D = Time resting spent in this place.
 E = Time spent auto-exploring this place.
 F = Levels seen in this place.
 G = Mean time per level.
                   A        B        C        D        E       F      G
               +--------+--------+--------+--------+--------+-----+--------+
         Total |   1934 |   1872 |     62 |      0 |   1589 |   3 |  644.7 |
       Dungeon |   1934 |   1872 |     62 |      0 |   1589 |   3 |  644.7 |
               +--------+--------+--------+--------+--------+-----+--------+

Top non-repeatable levels by time:
     D:2: 958 daAuts
     D:1: 753 daAuts
     D:3: 222 daAuts
